 Dungeon Crawl Stone Soup version 0.31.0-11-ge490571c62 (webtiles) character file.

Game seed: 2986872749910665604

312767 Flugkiller the Slayer (level 20, -19/206 HPs)
             Began as a Minotaur Fighter on Jan 29, 2024.
             Was an Initiate of Gozag.
             Killed from afar by a tengu reaver (27 damage)
             ... with a bolt of cold
             ... on level 5 of the Vaults.
             The game lasted 00:25:56 (37829 turns).

Flugkiller the Slayer (Minotaur Fighter)           Turns: 37829, Time: 00:25:57

Health: -19/206    AC: 33    Str: 26    XL:     20   Next: 22%
Magic:  19/19      EV: 13    Int:  3    God:    Gozag
Gold:   5120       SH: 22    Dex: 16    Spells: 19/19 levels left

rFire   + + .        l - +9 broad axe (heavy)
rCold   + . .        F - +0 tower shield {rPois}
rNeg    . . .        p - +2 plate armour {rPois}
rPois   +            (helmet restricted)
rElec   +            T - +2 cloak
rCorr   .            C - +2 pair of gloves
SInv    +            B - +2 pair of boots
Will    ++...        f - amulet of regeneration Stlth
                     c - ring "Bomasy" {rF++ rC+ Int-4 SInv}
HPRegen 1.34/turn    j - ring "Piekor" {Fly rElec rPois Will+ Dex+4}
MPRegen 0.16/turn

%: no passive effects
@: gold aura, flying, studying Shields
A: horns 2, retaliatory headbutt, mutation resistance 1
}: 2/15 runes: decaying, gossamer
a: Renounce Religion, Potion Petition, Call Merchant, Bribe Branch


You were on level 5 of the Vaults.
You worshipped Gozag.
Gozag was greatly pleased with you.
You visited 6 branches of the dungeon, and saw 35 of its levels.
You visited 1 bazaar.
You also visited: Bailey and Ice Cave.

You collected 13487 gold pieces.
You spent 3632 gold pieces at shops.
You paid 4735 gold pieces to Gozag.

Inventory:

Hand Weapons
 l - a +9 heavy broad axe (weapon)
   (You took it off a death knight on level 10 of the Dungeon)
Missiles
 I - 2 throwing nets (quivered)
Armour
 e - the +0 plate armour "Sioqaux" {rElec rF+}
   (You found it on level 4 of the Dungeon)

   rF+:       It protects you from fire.
   rElec:     It insulates you from electricity.
 p - a +2 plate armour of poison resistance (worn)
   (You bought it in a shop on level 2 of the Orcish Mines)
 B - a +2 pair of boots (worn)
   (You found it on level 10 of the Dungeon)
 C - a +2 pair of gloves (worn)
   (You found it on level 9 of the Dungeon)
 F - a +0 tower shield of poison resistance (worn)
   (You found it in a bailey)
 T - a +2 cloak (worn)
   (You found it on level 5 of the Dungeon)
Jewellery
 c - the ring "Bomasy" (left hand) {rF++ rC+ Int-4 SInv}
   (You bought it in a shop in a bazaar)

   [ring of protection from cold]

   Int-4:     It affects your intelligence (-4).
   rF++:      It greatly protects you from fire.
   rC+:       It protects you from cold.
   SInv:      It lets you see invisible.
 f - an amulet of regeneration (around neck)
   (You bought it in a shop on level 2 of the Orcish Mines)
 i - a ring of see invisible
   (You found it on level 3 of the Swamp)
 j - the ring "Piekor" (right hand) {Fly rElec rPois Will+ Dex+4}
   (You bought it in a shop on level 2 of the Orcish Mines)

   [ring of willpower]

   Dex+4:     It affects your dexterity (+4).
   rElec:     It insulates you from electricity.
   rPois:     It protects you from poison Will+: It increases your willpower.
   Fly:       It grants you flight.
 m - a ring of willpower
   (You found it on level 15 of the Dungeon)
 o - a ring of positive energy
   (You found it on level 13 of the Dungeon)
 v - a +5 ring of evasion
   (You found it on level 12 of the Dungeon)
 L - a ring of fire
   (You found it on level 4 of the Spider Nest)
Wands
 a - a wand of iceblast (20)
   (You found it on level 7 of the Dungeon)
 g - a wand of digging (10)
   (You found it on level 13 of the Dungeon)
 k - a wand of charming (26)
   (You found it on level 5 of the Dungeon)
 x - a wand of light (13)
   (You found it on level 7 of the Dungeon)
 R - a wand of mindburst (11)
   (You found it on level 14 of the Dungeon)
Scrolls
 b - 9 scrolls of immolation
 r - 10 scrolls of identify
 s - a scroll of summoning
 t - 2 scrolls of teleportation
 u - 7 scrolls of fear
 y - 4 scrolls of vulnerability
 z - 4 scrolls of blinking
 D - 3 scrolls of enchant armour
 E - 6 scrolls of fog
 N - 7 scrolls of revelation
Potions
 h - 3 potions of haste
 n - 7 potions of resistance
 q - 9 potions of curing
 A - 3 potions of mutation
 H - 5 potions of magic
 J - 3 potions of enlightenment
 K - a potion of attraction
 M - 5 potions of invisibility
 O - 2 potions of cancellation
 Q - 8 potions of ambrosia
 S - 2 potions of lignification
Miscellaneous
 G - a phial of floods
   (You found it on level 11 of the Dungeon)
 P - a lightning rod (1/4)
   (You found it in an ice cave)


   Skills:
 - Level 23.8 Fighting
 - Level 18.0 Axes
 - Level 21.9 Armour
 + Level 11.5 Dodging
 - Level 20.9 Shields
 - Level 6.0 Evocations


You had 19 spell levels left.
You didn't know any spells.
Your spell library contained the following spells:

 Spells                   Type           Power      Damage    Failure   Level
 Momentum Strike          Conj/Tloc      0%         3d8       99%         2
 Dazzling Flash           Conj/Hex       0%         N/A       100%        3
 Inner Flame              Hex/Fire       0%         N/A       100%        3
 Mephitic Cloud           Conj/Alch/Air  0%         N/A       100%        3
 Passwall                 Erth           0%         N/A       100%        3
 Tukima's Dance           Hex            0%         N/A       100%        3
 Volatile Blastmotes      Fire/Tloc      0%         2d10      100%        3
 Anguish                  Hex/Necr       0%         N/A       100%        4
 Cause Fear               Hex            0%         N/A       100%        4
 Olgreb's Toxic Radiance  Alch           0%         N/A       100%        4
 Passage of Golubria      Tloc           0%         N/A       100%        4
 Alistair's Intoxication  Alch           0%         N/A       100%        5
 Borgnjor's Vile Clutch   Necr/Erth      0%         N/A       100%        5
 Irradiate                Conj/Alch      0%         3d11      100%        5
 Yara's Violent Unravell  Hex/Alch       0%         3d3       100%        5
 Eringya's Noxious Bog    Alch           0%         4d6       100%        6
 Starburst                Conj/Fire      0%         6d3       100%        6
 Enfeeble                 Hex            0%         N/A       100%        7
 Haunt                    Necr/Summ      0%         N/A       100%        7
 Ozocubu's Refrigeration  Ice            0%         4d7       100%        7
 Borgnjor's Revivificati  Necr           0%         N/A       100%        8
 Discord                  Hex            0%         N/A       100%        8
 Disjunction              Tloc           0%         N/A       100%        8
 Ignition                 Fire           0%         3d3       100%        8
 Maxwell's Capacitive Co  Air            0%         ∞         100%        8
 Chain Lightning          Conj/Air       0%         N/A       100%        9
 Death's Door             Necr           0%         N/A       100%        9
 Fire Storm               Conj/Fire      0%         5d1       100%        9


Dungeon Overview and Level Annotations

Branches:
Dungeon (15/15)            Temple (0/1) D:6            Lair (5/5) D:8
  Swamp (4/4) Lair:3       Spider (4/4) Lair:2        Slime (0/5) Lair:5
    Orc (2/2) D:9             Elf (0/3) Orc:2        Vaults (5/5) D:14
  Crypt (0/3) Vaults:2     Depths (0/4) D:15         Bailey (visited)
  IceCv (visited)

Altars:
Cheibriados
Dithmenos
Elyvilon
Fedhas
Gozag
Kikubaaqudgha
Makhleb
Nemelex Xobeh
Qazlal
Ru
Sif Muna
Vehumet
Wu Jian
Xom
Yredelemnul
Zin
The Shining One
Jiyva

Shops:
D:6 ?   D:12 :   Orc:2 [=??=   Vaults:1 !

Portals:
Trove: D:12 (give +7 demon whip)

Annotations:
D:7 1 runed translucent door
D:10 1 runed translucent door
D:15 Roxanne
Swamp:2 exclusion: 2 lightning spires
Spider:3 2 transporters, Nuwafyub's ghost, adept FoFi


Innate Abilities, Weirdness & Mutations

You have a pair of horns on your head.
You reflexively headbutt those who attack you in melee.
You are somewhat resistant to further mutation.


Message History

The storm dragon bites you but does no damage.
The storm dragon claws you but does no damage.
You block the storm dragon's attack.
You closely miss the storm dragon.
You headbutt the storm dragon, but do no damage.
The storm dragon is moderately wounded.
The vault sentinel blows a loud note on a signal horn!
You block the storm dragon's attack. The storm dragon closely misses you.
You block the storm dragon's attack.
You hit the storm dragon but do no damage.
Your headbutt misses the storm dragon.
The storm dragon is moderately wounded.
The storm dragon bites you but does no damage.
The storm dragon claws you but does no damage.
The storm dragon tramples you but does no damage.
The vault sentinel blows a loud note on a signal horn!
You slice the storm dragon!! Your headbutt misses the storm dragon.
The storm dragon is heavily wounded.
The storm dragon closely misses you. You block the storm dragon's attack.
The storm dragon tramples you but does no damage.
You slice the storm dragon like a ripe choko!!!
You kill the storm dragon!
You feel a little less clever now.
The vault guard is distracted by your dazzling golden aura.
You hit the ettin. You headbutt the ettin.
The ettin is lightly wounded.
You block the ettin's attack.
The ettin hits you with a +0 dire flail!
* * * LOW HITPOINT WARNING * * *
An ironbound preserver comes into view. It is wielding a +0 dire flail.
The vault sentinel blows a loud note on a signal horn!
You hit the ettin but do no damage. You headbutt the ettin.
The ettin is moderately wounded.
You block the vault guard's attack.
The vault sentinel blows a loud note on a signal horn!
You block the ettin's attack. x2
You are too injured to fight recklessly!
You carve the ettin like a ham!!! Your headbutt misses the ettin.
The ettin is almost dead.
The vault guard is no longer distracted by gold.
The vault guard hits you but does no damage.
You block the ettin's attack. x2
The vault guard is distracted by your dazzling golden aura.
You are too injured to fight recklessly!
The vault guard shouts!
You slash the ettin!
You kill the ettin!
The vault sentinel is distracted by your dazzling golden aura.
The vault guard barely misses you.
Your lightning rod (1/4) has regained one charge.
The vault sentinel shouts!
You slice the tengu reaver!! Your headbutt misses the tengu reaver.
The tengu reaver is moderately wounded.
The sentinel's mark upon you fades away.
You block the vault guard's attack.
The tengu reaver is distracted by your dazzling golden aura.
The hell knight is distracted by your dazzling golden aura.
The tengu reaver shouts!
You are too injured to fight recklessly!
The hell knight shouts!
You slash the tengu reaver!
The tengu reaver is no longer distracted by gold.
The tengu reaver is heavily wounded.
The vault sentinel is no longer distracted by gold.
The vault guard hits you from afar with a +0 bardiche!!
* * * LOW HITPOINT WARNING * * *
You block the tengu reaver's attack. x3
You are too injured to fight recklessly!
You barely miss the tengu reaver.
The tengu reaver is heavily wounded.
The vault sentinel is distracted by your dazzling golden aura.
The vault guard hits you from afar with a +0 bardiche!
* * * LOW HITPOINT WARNING * * *
The tengu reaver gestures at you while chanting.
The bolt of poison hits you! You resist.
* * * LOW HITPOINT WARNING * * *
The vault sentinel shouts!
You closely miss the tengu reaver. You headbutt the tengu reaver.
The tengu reaver is heavily wounded.
The vault guard is no longer distracted by gold.
The hell knight is no longer distracted by gold.
You block the vault guard's attack.
An orc knight comes into view. It is wielding a +3 great sword.
The tengu reaver gestures at you while chanting.
The bolt of negative energy misses you. You block the vault guard's attack.
The tengu reaver hits you with a +2 great sword of freezing!
* * * LOW HITPOINT WARNING * * *
The tengu reaver freezes you.
* * * LOW HITPOINT WARNING * * *
The tengu reaver barely misses you. You block the tengu reaver's attack.
You hear a shout!
You slice the tengu reaver!!
The tengu reaver is severely wounded.
You hear a shout!
The vault guard hits you from afar with a +0 bardiche!
* * * LOW HITPOINT WARNING * * *
The tengu reaver points at you and mumbles some strange words.
The bolt of cold hits you!! You resist.
You die...
Your body crumbles into a pile of gold.

###########
#.$$$$@Qpp#
###.$#####pp###
#..$$#$$$#ppp.#
#..##$p$$p##o.#
#..#$$h=[$$#..#
#..##$$):$##..#
#...##$$$#.o..#
#... #####py..#
###.. .....##


You could see an ironbound preserver, a tengu reaver (repels missiles), 3 vault
guards, an orc knight and 2 vault sentinels.

Vanquished Creatures
  2 dread liches (Vaults:5)
  the Lernaean hydra (Swamp:4)
  Bai Suzhen (Swamp:3)
  A golden dragon (Vaults:5)
  Nikola (Vaults:2)
  Arachne (Spider:3)
  A tentacled monstrosity (Vaults:5)
  2 sphinxes
  2 titans (Vaults:5)
  A quicksilver dragon (Vaults:5)
  2 ancient champions (Vaults:2)
  3 shadow dragons
  3 tengu reavers (Vaults:5)
  3 storm dragons
  14 vault wardens
  An iron dragon (Vaults:5)
  A ghost moth (Spider:3)
  2 deep elf sorcerers (Vaults:5)
  4 emperor scorpions
  2 orc warlords
  3 frost giants
  11 ironbound preservers
  A formless jellyfish (Vaults:1)
  A broodmother (shapeshifter) (Vaults:5)
  An eleionoma (Swamp:4)
  5 stone giants (Vaults:5)
  A deep elf demonologist (Vaults:5)
  9 ironbound thunderhulks
  3 very ugly things
  2 bunyips
  15 dire elephants
  A war gargoyle (Vaults:3)
  A deep elf annihilator (Vaults:5)
  Azrael (D:14)
  A spark wasp (Spider:4)
  Snorg (D:13)
  2 shambling mangroves
  Josephine (D:12)
  2 ettins (Vaults:5)
  6 yaktaur captains
  Harold (Lair:1)
  2 deep elf high priests (Vaults:5)
  19 hydras
  Erolcha (D:9)
  31 vault guards
  A peacekeeper (Vaults:3)
  2 rakshasas (D:15)
  4 ogre magi
  Fannar (Orc:1)
  6 great orbs of eyes
  3 ghost crabs
  A merfolk avatar (Lair:5)
  An ice dragon (D:14)
  A spriggan air mage (Swamp:4)
  An anaconda (shapeshifter) (D:14)
  8 boulder beetles
  8 ironbound frosthearts
  12 two-headed ogres
  4 alligators
  3 death knights
  4 jorogumos (Spider:4)
  6 centaur warriors
  A radroach (Spider:3)
  4 death yaks (Lair:3)
  3 demonic crawlers
  A tengu warrior (D:14)
  4 orc high priests
  Urug (D:11)
  Nergalle (D:12)
  3 hell knights (Vaults:5)
  Sonja (Orc:1)
  7 spriggans
  2 skysharks (Lair:5)
  2 pharaoh ants
  4 goliath frogs
  A sea snake (Lair:5)
  9 skeletal warriors
  12 deep trolls
  6 spriggan druids
  5 sun moths
  9 swamp dragons
  6 orb spiders
  9 bog bodies (Swamp:4)
  A sun moth (shapeshifter) (D:14)
  14 ironbound convokers
  3 lindwurms
  4 arcanists
  4 steelbarb worms
  8 orc knights
  3 necromancers
  3 deep elf pyromancers
  5 will-o-the-wisps
  14 wolf spiders
  5 manticores
  A shining eye (shapeshifter) (D:15)
  A faun (shapeshifter) (Vaults:5)
  An orc sorcerer (Orc:2)
  6 cyclopes
  18 ugly things
  A moth of wrath (shapeshifter) (Vaults:5)
  A meliai (shapeshifter) (Vaults:5)
  3 moths of wrath
  4 kobold blastminers
  7 meliai
  A torpor snail (shapeshifter) (Vaults:5)
  15 vault sentinels
  2 black mambas
  A water nymph (shapeshifter) (Vaults:5)
  21 cane toads
  7 gargoyles
  2 torpor snails
  8 elephants (Lair:5)
  An unseen horror (D:12)
  9 komodo dragons
  A rime drake (shapeshifter) (D:15)
  2 rime drakes
  11 yaktaurs
  A freezing wraith (D:15)
  A polar bear (Lair:2)
  3 wind drakes (Lair:5)
  4 trolls
  8 tyrant leeches
  A polar bear (shapeshifter) (Vaults:5)
  8 blink frogs
  9 hornets
  A hornet (shapeshifter) (D:13)
  4 dream sheep (Lair:5)
  16 tarantellas
  24 jumping spiders
  Sigmund (D:2)
  A centaur simulacrum (D:14)
  24 slime creatures
  12 culicivoras
  2 shadows
  8 wraiths
  8 basilisks
  5 wyverns
  3 wargs
  3 steam dragons
  53 yaks
  A basilisk (shapeshifter) (D:13)
  7 redbacks
  16 vampire mosquitoes
  14 swamp worms
  5 hell hounds (D:14)
  18 water moccasins
  2 acid dragons (D:9)
  34 orc warriors
  14 swamp drakes
  2 sky beasts (D:8)
  3 laughing skulls
  A black bear (D:6)
  2 ice beasts
  12 centaurs
  4 boggarts
  A wolf (shapeshifter) (D:13)
  8 ogres
  12 wolves
  3 kobold brigands
  Blork the orc (D:5)
  3 phantoms
  A brain worm (shapeshifter) (D:14)
  9 bullfrogs
  2 cane toad simulacra (IceCv)
  A gnoll sergeant (D:9)
  7 scorpions
  6 killer bees (D:11)
  3 elephant simulacra (IceCv)
  An electric eel (Lair:4)
  9 howler monkeys
  A bombardier beetle (D:5)
  3 hounds
  A gnoll bouda (D:7)
  14 orc priests
  4 jellies
  Terence (D:2)
  A human skeleton (D:7)
  22 orc wizards
  An iguana (D:5)
  A wolf simulacrum (IceCv)
  6 ogre zombies (D:9)
  27 gnolls
  10 adders
  5 white imps
  3 dart slugs
  2 ribbon worms (Lair:2)
  86 orcs
  6 ball pythons
  2 bats
  6 endoplasms
  5 giant cockroaches
  22 goblins
  13 hobgoblins
  5 quokkas
  4 frilled lizards
  3 gnoll skeletons (D:9)
  A gnoll zombie (D:9)
  25 kobolds
  A kobold skeleton (D:7)
  4 orc skeletons (D:9)
  11 orc zombies (D:9)
  7 rats
  A spectral weapon (Swamp:4)
1221 creatures vanquished.

Vanquished Creatures (others)
  A spriggan (Swamp:2)
  3 bloated husks
  2 hornets (Swamp:2)
  A redback (Spider:4)
  An orc priest (Orc:2)
  2 orc wizards
  An iguana (D:7)
  26 foxfires
37 creatures vanquished.

Grand Total: 1258 creatures vanquished

Notes
Turn   | Place    | Note
-------+----------+-------------------------------------------
     0 | D:1      | Flugkiller the Minotaur Fighter began the quest for the
                  | Orb.
     0 | D:1      | Reached XP level 1. HP: 19/19 MP: 0/0
   184 | D:1      | Reached XP level 2. HP: 27/27 MP: 1/1
   190 | D:1      | Reached skill level 4 in Fighting
   790 | D:2      | Reached XP level 3. HP: 28/33 MP: 2/2
   863 | D:2      | Noticed Terence
   868 | D:2      | Killed Terence
   934 | D:2      | Reached XP level 4. HP: 37/41 MP: 3/3
   992 | D:2      | Noticed Sigmund
  1009 | D:2      | Killed Sigmund
  1010 | D:2      | Reached skill level 5 in Fighting
  1010 | D:2      | Reached XP level 5. HP: 36/48 MP: 4/4
  1064 | D:2      | You fall into a shaft and drop 1 floor!
  1093 | D:3      | Reached skill level 5 in Axes
  1093 | D:3      | Reached XP level 6. HP: 39/56 MP: 5/5
  2605 | D:3      | Found a glowing golden altar of the Shining One.
  2717 | D:4      | Reached skill level 6 in Fighting
  2827 | D:4      | Reached skill level 5 in Armour
  2916 | D:4      | Found a radiant altar of Vehumet.
  2922 | D:4      | Reached XP level 7. HP: 57/64 MP: 6/6
  2947 | D:4      | Found an ornate altar of the Wu Jian Council.
  2985 | D:4      | Identified the +0 plate armour "Sioqaux" {rElec rF+}
  3276 | D:4      | Found an opulent altar of Gozag.
  3633 | D:4      | Became a worshipper of Gozag Ym Sagoz the Greedy
  3831 | D:4      | Reached skill level 7 in Fighting
  3885 | D:4      | Found a glowing silver altar of Zin.
  4041 | D:5      | Entered Level 5 of the Dungeon
  4348 | D:5      | Reached XP level 8. HP: 74/74 MP: 7/7
  4577 | D:5      | Noticed Blork the orc
  4584 | D:5      | Killed Blork the orc
  4598 | D:5      | Found a blossoming altar of Fedhas.
  4790 | D:6      | Found a staircase to the Ecumenical Temple.
  4797 | D:6      | Got the Handbook of Feathery Superposition
  4821 | D:6      | Reached skill level 8 in Fighting
  5096 | D:6      | Found a stormy altar of Qazlal.
  5640 | D:6      | Reached skill level 9 in Fighting
  6063 | D:6      | Found Lovit's Magic Scroll Boutique.
  6066 | D:6      | Bought a scroll of blinking for 82 gold pieces
  6379 | D:7      | Found a shimmering altar of Xom.
  6425 | D:7      | Reached XP level 9. HP: 80/84 MP: 8/8
  6619 | D:7      | Found a runed translucent door.
  6620 | D:7      | Found a basalt altar of Yredelemnul.
  6669 | D:7      | Found a white marble altar of Elyvilon.
  6764 | D:7      | Found a shadowy altar of Dithmenos.
  6886 | D:8      | Noticed a two-headed ogre
  6892 | D:8      | Found a sparkling altar of Nemelex Xobeh.
  6900 | D:8      | Killed a two-headed ogre
  6901 | D:8      | Reached skill level 10 in Fighting
  6901 | D:8      | Reached skill level 10 in Axes
  7293 | D:8      | Found a staircase to the Lair.
  7822 | D:9      | Reached skill level 11 in Fighting
  7847 | D:9      | Found a shimmering blue altar of Sif Muna.
  7958 | D:9      | Found a sacrificial altar of Ru.
  8005 | D:9      | Reached XP level 10. HP: 69/96 MP: 9/9
  8042 | D:9      | Found a staircase to the Orcish Mines.
  8114 | D:9      | Noticed Erolcha
  8119 | D:9      | Found a flagged portal.
  8132 | D:9      | Killed Erolcha
  8133 | D:9      | Reached skill level 12 in Fighting
  8159 | Bailey   | Entered a bailey
  8454 | Bailey   | Noticed an orc knight
  8478 | Bailey   | Killed an orc knight
  8584 | Bailey   | Noticed an orc warlord
  8615 | Bailey   | Killed an orc warlord
  8616 | Bailey   | Reached skill level 13 in Fighting
  8616 | Bailey   | Reached XP level 11. HP: 37/107 MP: 10/10
  8639 | Bailey   | Reached XP level 12. HP: 46/115 MP: 11/11
  9049 | D:9      | Reached skill level 5 in Shields
 10089 | D:10     | Entered Level 10 of the Dungeon
 10567 | D:10     | Reached skill level 10 in Armour
 11154 | D:10     | Found a runed translucent door.
 11154 | D:10     | Found a runed translucent door.
 11154 | D:10     | Noticed a tengu warrior
 11154 | D:10     | Noticed a death knight
 12541 | D:11     | Noticed Urug
 12550 | D:11     | Killed Urug
 12551 | D:11     | Reached skill level 14 in Fighting
 12880 | Lair:1   | Entered Level 1 of the Lair of Beasts
 12990 | Lair:1   | Noticed Harold
 12999 | Lair:1   | Reached skill level 1 in Evocations
 13001 | Lair:1   | Killed Harold
 13194 | Lair:1   | Reached skill level 5 in Evocations
 14137 | Lair:1   | Reached XP level 13. HP: 116/124 MP: 12/12
 15282 | Lair:2   | Found a hole to the Spider Nest.
 16008 | Lair:3   | Identified the +1 robe of Fehotean {rF- rC+ Int+5}
 16364 | Lair:3   | Reached skill level 15 in Fighting
 17083 | Lair:3   | Found a staircase to the Swamp.
 18694 | Lair:5   | Entered Level 5 of the Lair of Beasts
 18696 | Lair:5   | Found a staircase to the Slime Pits.
 18732 | Lair:5   | Reached skill level 10 in Shields
 18772 | Lair:5   | Reached XP level 14. HP: 52/135 MP: 13/13
 18816 | Lair:5   | HP: 4/136 [skyshark (11)]
 18817 | Lair:5   | HP: 1/136 [skyshark (4)]
 19263 | Lair:5   | Reached skill level 16 in Fighting
 19618 | Lair:5   | Found a viscous altar of Jiyva.
 20089 | Lair:5   | Got the Papyrus of Concussion and the Fault
 20092 | Lair:5   | Identified the +0 robe of Inference {Int-5 Dex+3 SInv}
 21010 | D:12     | Noticed Nergalle
 21014 | D:12     | Killed Nergalle
 21167 | D:12     | Noticed Josephine
 21173 | D:12     | Killed Josephine
 21309 | D:12     | Found a portal to a secret trove of treasure.
 21494 | D:12     | Identified the +1 chain mail of Zagad {rC+}
 21649 | D:12     | Found Koar Fat's Tiny Tomes.
 22127 | D:12     | Found a burning altar of Makhleb.
 22127 | D:12     | Noticed a cacodemon
 22381 | D:12     | Reached skill level 17 in Fighting
 22617 | Orc:1    | Entered Level 1 of the Orcish Mines
 22619 | Orc:1    | Found a frozen archway.
 22649 | IceCv    | Entered an ice cave
 22961 | Orc:1    | Noticed Fannar
 22974 | Orc:1    | Killed Fannar
 23358 | Orc:1    | Noticed Sonja
 23364 | Orc:1    | Killed Sonja
 23580 | Orc:2    | Entered Level 2 of the Orcish Mines
 23580 | Orc:2    | Found a flickering gateway to a bazaar.
 23607 | Bazaar   | Entered a bazaar
 23607 | Bazaar   | Found Zustrebb's Antique Armour Shoppe.
 23607 | Bazaar   | Found Voarenie's Distillery.
 23607 | Bazaar   | Found Qirgheu's Jewellery Shoppe.
 23607 | Bazaar   | Found Ciaceor's Weapon Shop.
 23657 | Bazaar   | Found Zelehym's Armour Emporium.
 23692 | Bazaar   | Bought a potion of haste for 130 gold pieces
 23692 | Bazaar   | Bought a potion of heal wounds for 65 gold pieces
 23692 | Bazaar   | Bought a potion of cancellation for 104 gold pieces
 23692 | Bazaar   | Bought 2 potions of ambrosia for 208 gold pieces
 23692 | Bazaar   | Bought a potion of invisibility for 104 gold pieces
 23702 | Bazaar   | Bought the ring "Bomasy" {rF++ rC+ Int-4 SInv} for 588 gold
                  | pieces
 23835 | Orc:2    | Found a staircase to the Elven Halls.
 23897 | Orc:2    | Reached XP level 15. HP: 104/147 MP: 14/14
 24530 | Orc:2    | Paralysed by something for 5 turns
 24848 | Orc:2    | Found Zeeph's Jewellery Boutique.
 24848 | Orc:2    | Found Juitavej's Magic Scroll Emporium.
 24851 | Orc:2    | Found Fyiteep's Magic Scroll Boutique.
 24851 | Orc:2    | Found Duilaumu's Jewellery Emporium.
 24872 | Orc:2    | Bought an amulet of regeneration for 510 gold pieces
 24879 | Orc:2    | Bought a scroll of enchant armour for 90 gold pieces
 24883 | Orc:2    | Bought 3 scrolls of revelation for 270 gold pieces
 24883 | Orc:2    | Bought a scroll of fear for 48 gold pieces
 24883 | Orc:2    | Bought a scroll of fear for 48 gold pieces
 24883 | Orc:2    | Bought a scroll of teleportation for 36 gold pieces
 24886 | Orc:2    | Bought a scroll of enchant weapon for 135 gold pieces
 24889 | Orc:2    | Bought the ring "Piekor" {Fly rElec rPois Will+ Dex+4} for
                  | 590 gold pieces
 25208 | Orc:2    | Bought a runed plate armour for 624 gold pieces
 25367 | D:13     | Noticed Snorg
 25368 | D:13     | Reached skill level 15 in Armour
 25388 | D:13     | Killed Snorg
 25915 | D:14     | Found an ancient bone altar of Kikubaaqudgha.
 25961 | D:14     | Reached skill level 18 in Fighting
 26073 | D:14     | Noticed Azrael
 26084 | D:14     | Killed Azrael
 26524 | D:14     | Noticed a storm dragon
 26534 | D:14     | Killed a storm dragon
 27428 | D:14     | Found a gate to the Vaults.
 27483 | D:15     | Entered Level 15 of the Dungeon
 27667 | D:15     | Noticed Roxanne
 27853 | D:15     | Found a snail-covered altar of Cheibriados.
 27873 | D:15     | Paralysed by something for 4 turns
 27878 | D:15     | Reached XP level 16. HP: 121/159 MP: 15/15
 27881 | D:15     | Reached skill level 19 in Fighting
 27887 | D:15     | Reached skill level 15 in Shields
 28209 | D:15     | Found a staircase to the Depths.
 28211 | D:15     | Gained mutation: You are vulnerable to heat. (rF-) [a
                  | shining eye]
 29409 | Spider:1 | Entered Level 1 of the Spider Nest
 29749 | Spider:2 | You are sucked into a shaft and drop 1 floor!
 29935 | Spider:3 | Noticed Nuwafyub's ghost (adept FoFi)
 29936 | Spider:3 | Found a transporter.
 29939 | Spider:3 | Found a transporter.
 29985 | Spider:3 | Noticed Arachne
 29999 | Spider:3 | Killed Arachne
 30069 | Spider:3 | Lost mutation: You are vulnerable to heat. (rF-) [potion of
                  | mutation]
 30069 | Spider:3 | Gained mutation: You are somewhat resistant to further
                  | mutation. [potion of mutation]
 30588 | Spider:4 | Entered Level 4 of the Spider Nest
 30596 | Spider:4 | Reached skill level 20 in Fighting
 30914 | Spider:4 | Reached XP level 17. HP: 123/171 MP: 16/16
 31505 | Spider:4 | Got a gossamer rune of Zot
 31508 | Spider:4 | Got a milky-white gem with 243 turns to spare
 31927 | Swamp:1  | Entered Level 1 of the Swamp
 32890 | Swamp:3  | Reached skill level 21 in Fighting
 33187 | Swamp:4  | Entered Level 4 of the Swamp
 33612 | Swamp:4  | Noticed Bai Suzhen
 33639 | Swamp:3  | Killed Bai Suzhen
 33744 | Swamp:4  | Noticed the 27-headed Lernaean hydra
 33747 | Swamp:4  | Killed the 26-headed Lernaean hydra
 33773 | Swamp:4  | Got a decaying rune of Zot
 34738 | Vaults:1 | Entered Level 1 of the Vaults
 34748 | Vaults:1 | Reached XP level 18. HP: 184/184 MP: 17/17
 34794 | Vaults:1 | Reached skill level 22 in Fighting
 34905 | Vaults:1 | Found Vaekkar's Distillery.
 35498 | Vaults:2 | Noticed Nikola
 35529 | Vaults:2 | Killed Nikola
 35807 | Vaults:2 | Found a staircase to the Crypt.
 36047 | Vaults:3 | Paralysed by a sphinx for 2 turns
 36493 | Vaults:3 | Reached skill level 23 in Fighting
 36643 | Vaults:3 | Reached XP level 19. HP: 190/195 MP: 18/18
 36661 | Vaults:3 | Identified the +4 leather armour of the Centaur {*Slow rC+
                  | Str+4}
 37256 | Vaults:5 | Entered Level 5 of the Vaults
 37376 | Vaults:5 | Identified the ring "Geezol" {Fly rElec rF+ rC+++ Dex-4}
 37428 | Vaults:5 | Noticed a dread lich
 37431 | Vaults:5 | Noticed a dread lich
 37531 | Vaults:5 | Identified the +6 short sword of the Spectre {heavy, Int+5}
 37572 | Vaults:5 | Identified the +5 dire flail of Jici {flame, Dex+2}
 37603 | Vaults:5 | Reached skill level 5 in Dodging
 37636 | Vaults:5 | Noticed a Brimstone Fiend
 37691 | Vaults:5 | Noticed a dread lich
 37700 | Vaults:5 | Killed a dread lich
 37714 | Vaults:5 | Killed a dread lich
 37715 | Vaults:5 | Reached XP level 20. HP: 106/206 MP: 19/19
 37741 | Vaults:5 | Reached skill level 10 in Dodging
 37744 | Vaults:5 | Identified the +4 scale mail of Carved Brilliance {rF+
                  | Str+2 Int+4}
 37749 | Vaults:5 | Noticed a golden dragon
 37780 | Vaults:5 | Killed a golden dragon
 37829 | Vaults:5 | HP: 8/206 [vault guard/+0 bardiche (16)]
 37829 | Vaults:5 | Killed from afar by a tengu reaver

Illustrated notes

Levels and vault maps discovered:
D:1:      tarquinn_simple_flora_water_a, layout_loops_ring,
          hangedman_abyss_or_decor_stabs
D:2:      layout_loops_ring, uniq_sigmund, uniq_terence
D:3:      layout_basic, tso_oasis_becter, amethyst_killhole,
          kennysheep_big_empty_room
D:4:      layout_basic, pdpol_temple_overflow_zin_treasury_gozag_greed,
          nicolae_overflow_hidden_temple, serial_bayou_pond_b
D:5:      layout_cave_pools, fedhas_altar_4, minivault_4, uniq_blork_the_orc
D:6:      layout_gridville, marbit_many_paths, minmay_temple_entry_offerings,
          serial_shops, nicolae_shop_real_fake_doors
D:7:      layout_basic, dk_yredelemnul_ordeal, mainiacjoe_overflow_brackets,
          elyvilon_altar_3, general_overflow_altar
D:8:      layout_basic, mainiacjoe_overflow_alcove_4, lair_entry_dummy
D:9:      layout_basic, nicolae_ru_sacrificial_ziggurat, lemuel_doored_altar,
          zombieorc1_lemuel, enter_bailey_4, uniq_erolcha
D:10:     minmay_the_grid_four_pointed_star
          [minmay_the_grid_triangle_9x9_shrine,
          minmay_the_grid_triangle_9x9_tough_junction,
          minmay_the_grid_triangle_9x9_windchime,
          minmay_the_grid_triangle_9x9_minimal, minmay_the_grid_prize_big_room],
          layout_irregular_city
D:11:     layout_irregular_city, uniq_urug
D:12:     cheibrodos_statue_roulette, layout_loops_corners, enter_trove_0,
          nicolae_shop_i_like_small_books_too, minivault_22, nrook_uturn,
          makhleb_altar_promises_db, uniq_nergalle, uniq_josephine
D:13:     layout_cave_pools, uniq_snorg
D:14:     evilmike_horseshoe, layout_irregular_city, david_vaults_4,
          kennysheep_another_room, nicolae_kikubaaqudgha_miasma_corner,
          uniq_azrael
D:15:     gammafunk_enter_depths_forms, layout_basic, nicolae_hexahallways,
          cheibriados_altar_1, uniq_roxanne
Lair:1:   layout_cellular_growth, st_stairs_9, beast_lair_carwin_11,
          grunt_megastairs_1, lemuel_fruit_tree, uniq_harold
Lair:2:   layout_roguey, nicolae_spider_entry_non_spiders
Lair:3:   layout_roguey, palyth_hydra_swamp_entry, hibernation_bobbens
Lair:4:   layout_gridlike, st_stairs_12, nicolae_quartered_pool_medium,
          serial_bayou_shore_a
Lair:5:   gammafunk_lair_ancient_temple, layout_loops_ring,
          minmay_slime_entry_pillars, grunt_megastairs_4, serial_bayou_shore_b
Swamp:1:  layout_falls_marsh, evilmike_swamp_ruin_wall
Swamp:2:  layout_basic_swamp, nicolae_swamp_ascending_descending, swamp_pool_5,
          hangedman_swamp_phenomena
Swamp:3:  layout_basic_swamp, evilmike_swamp_ruin_house_2, swamp_pool_5,
          nicolae_swamp_treefoil
Swamp:4:  grunt_swamp_rune_castle, layout_basic_swamp,
          infiniplex_staircase_pool_2, uniq_bai_suzhen
Spider:1: layout_cave_pods, hangedman_spider_tarantella_strand
Spider:2: layout_spider_delve
Spider:3: layout_spider_delve, gammafunk_ghost_arena, uniq_donald, uniq_arachne
Spider:4: grunt_spider_rune_island
Orc:1:    layout_caves, portal_ice_cave_entry_pillars_2, uniq_fannar, uniq_sonja
Orc:2:    grunt_orc_tribal_feast, layout_caves, serial_shops, bzr_entry_gold,
          mines1_david
Vaults:1: nicolae_vaults_layer_cake_slice, v_misc_9,
          nicolae_vaults_twisting_passages, nicolae_vaults_house_1,
          hangedman_vaults_corner_blocks,
          serial_library_regret_index_small_wings, dpeg_vaults_monster_box,
          v_misc_8, vaults_mumra_hexcomb, ontoclasm_vaults_ring_small,
          v_pattern_4, ontoclasm_vaults_chip, v_misc_24,
          ontoclasm_vaults_hangar, vaults_mumra_chevron, layout_vaults_maze,
          serial_shops, shop, uniq_zenata
Vaults:2: minmay_crypt_entry_simple_box, nicolae_vaults_trapezoid_lopsided_3,
          nicolae_vaults_wine_cellar, nicolae_vaults_theta,
          nicolae_vaults_network_star, nicolae_vaults_corridor_and_loot_room,
          hangedman_vaults_maws, nicolae_vaults_trapezoid_lopsided_4,
          ontoclasm_vaults_ring_small, hangedman_vaults_maws,
          layout_vaults_omnigrid, serial_shops, nicolae_shop_tiny_statue_garden,
          uniq_nikola
Vaults:3: st_diamondy, nicolae_vaults_stairing_the_circle,
          nicolae_vaults_door_testing_chamber, hangedman_vaults_maws,
          nicolae_vaults_trapezoid_lopsided_4, hangedman_vaults_stream,
          vaults_dpeg_spiral, nicolae_vaults_shelves_hall,
          nicolae_vaults_little_squares_4, nicolae_vaults_little_squares_6,
          vaults_room_hallway, v_misc_3, nicolae_vaults_sealed_display,
          layout_vaults_ring, serial_shops, shop
Vaults:4: v_misc_26, nicolae_vaults_arrows, nicolae_vaults_closet_pinwheel_3,
          grunt_vaults_trifunnel, v_pattern_3,
          nicolae_vaults_trapezoid_lopsided_3, vaults_room_boxed,
          nicolae_vaults_storage_room_glass, ontoclasm_vaults_idyll,
          ontoclasm_vaults_gateway, vaults_room_pools, layout_vaults_omnibox
Vaults:5: serial_shops

Skill      XL: |  1  2  3  4  5  6  7  8  9 10 11 12 13 14 15 16 17 18 19 20 |
---------------+-------------------------------------------------------------+-----
Fighting       | 4 5 6 7 9 11 13 14 15 17 18 20 21 23 | 23.8
Axes           | 3 4 5 7 9 11 12 16 17 18 | 18.0
Armour         | 4 5 7 8 9 10 12 14 16 18 19 21 | 21.9
Shields        | 4 7 10 12 14 16 18 20 | 20.9
Evocations     | 6 |  6.0
Dodging        | 9 11 | 11.5

Action                     |  1- 3 |  4- 6 |  7- 9 | 10-12 | 13-15 | 16-18 | 19-21 || total
---------------------------+-------+-------+-------+-------+-------+-------+-------++-------
  Melee: War axe           |    59 |    95 |   307 |   498 |   289 |       |       ||  1248
         Headbutt          |     4 |    14 |    46 |   115 |   281 |   231 |    96 ||   787
         Broad axe         |       |       |       |       |   755 |   913 |   349 ||  2017
         Hand axe          |       |       |       |       |    18 |       |       ||    18
 Invoke: Potion Petition   |       |       |       |     2 |     1 |     2 |     7 ||    12
         Call Merchant     |       |       |       |       |     1 |       |       ||     1
  Evoke: Wand              |       |       |       |       |    15 |     5 |       ||    20
         Phial of floods   |       |       |       |       |       |     2 |       ||     2
         Lightning rod     |       |       |       |       |       |     1 |     4 ||     5
    Use: Scroll            |       |       |    17 |     9 |    13 |    13 |     4 ||    56
         Potion            |       |       |     2 |     3 |     1 |     5 |    13 ||    24
   Stab: Distracted        |       |       |     2 |     5 |    10 |    13 |     2 ||    32
         Invisible         |       |       |       |       |       |     3 |     2 ||     5
 Armour: Scale mail        |    34 |    58 |    59 |       |       |       |       ||   151
         Plate armour      |       |       |   264 |   304 |   931 |  1019 |   220 ||  2738
  Dodge: Dodged            |    25 |    44 |   102 |    79 |   270 |   354 |    70 ||   944
  Block: Buckler           |     8 |    22 |    67 |    26 |       |       |       ||   123
         Tower shield      |       |       |       |   189 |  1021 |  1218 |   340 ||  2768
